 Dungeon Sprint DCSS version 0.21-a0-274-gc1afaeb (webtiles) character file.

4188 potatolord6000 the Severer (level 10, -9/103 HPs)
             Began as a Hill Orc Monk on Sept 19, 2017.
             Was a High Priest of Beogh.
             Mangled by a catoblepas (11 damage)
             ... in the Dungeon (Sprint VII: "The Pits").
             The game lasted 00:06:18 (1434 turns).

potatolord6000 the Severer (Hill Orc Monk)          Turns: 1434, Time: 00:06:19

Health: -9/103     AC: 14    Str: 24    XL:     10   Next: 29%
Magic:  9/21       EV:  5    Int: 10    God:    Beogh [*****.]
Gold:   0          SH:  0    Dex: 13    Spells: 9/9 levels left

rFire    . . .     SeeInvis .   t - +1 broad axe (freeze)
rCold    . . .     Gourm    .   (no shield)
rNeg     . . .     Faith    .   j - +4 chain mail
rPois    .         Spirit   .   (no helmet)
rElec    .         Reflect  .   d - +0 cloak
rCorr    .         Harm     .   (no gloves)
MR       .....     NoTele   +   (no boots)
Stlth    ..........             (no amulet)
HPRegen  0.27/turn              e - +3 ring of strength
MPRegen  0.17/turn              f - +3 ring of strength

@: petrifying, corroded, very slow
A: walk on water
a: Smiting, Recall Orcish Followers, Give Item to Named Follower, Renounce
Religion


You were in the Dungeon.
You worshipped Beogh.
Beogh was extremely pleased with you.
You were not hungry.

You visited 1 branch

Inventory:

Hand Weapons
 t - a +1 broad axe of freezing (weapon)
Armour
 d - a +0 cloak (worn)
 j - a +4 chain mail (worn)
Jewellery
 e - a +3 ring of strength (left hand)
 f - a +3 ring of strength (right hand)
Scrolls
 i - a scroll of blinking
 k - 3 scrolls of remove curse
 l - 5 scrolls of amnesia
 m - a scroll of summoning
Potions
 a - 2 potions of invisibility
 b - 4 potions of curing
 g - 3 potions of magic
 h - 3 potions of berserk rage
 q - a potion of heal wounds
 r - 2 potions of agility
Comestibles
 c - 8 bread rations
 n - 40 fruits
 o - 6 meat rations


   Skills:
 + Level 14.2 Fighting
 + Level 15.2 Axes
 + Level 12.7 Armour
 - Level 2.4 Dodging
 - Level 1.5 Stealth
 + Level 14.6 Invocations


You had 9 spell levels left.
You didn't know any spells.

Dungeon Overview and Level Annotations

Branches:
Dungeon (1/1)

Altars:
Ashenzari
Cheibriados
Dithmenos
Elyvilon
Fedhas
Gozag
Hepliaklqana
Kikubaaqudgha
Makhleb
Nemelex Xobeh
Okawaru
Qazlal
Ru
Sif Muna
Trog
Uskayaw
Vehumet
Wu Jian
Xom
Yredelemnul
Zin
The Shining One
Beogh
Jiyva
Lugonu


Message History

You freeze the spiny frog.
The spiny frog is severely wounded.
You hit the catoblepas. You freeze the catoblepas.
The catoblepas breathes a plume of calcifying dust at you.
The blast of calcifying dust hits you!
* * * LOW HITPOINT WARNING * * *
The blast of calcifying dust hits the spiny frog.
The blast of calcifying dust hits the rime drake.
The rime drake is engulfed in calcifying dust.
The rime drake is moving more slowly.
The spiny frog is engulfed in calcifying dust.
The spiny frog is moving more slowly.
The spiny frog stings you but does no damage.
You hit the spiny frog.
The spiny frog is almost dead.
You slash the catoblepas! You freeze the catoblepas.
You are engulfed in calcifying dust.
You are slowing down.
The catoblepas gores you!
You die...

...............#
.....#..#......#
...............+
...............+
.....#..#......#
...............#
##'#####''######
......##''# ########
......##..# #kF@Y.x#
......##.†# #..#'#......
..<...##..##..##.##.....
......##.†##.##...##...#
......##..####.....# .##
......##...##†)....# .#
########....'))....+ +
########...##).....#
.#..[.##..####.....#


You could see a catoblepas, a spiny frog (petrifying), a rime drake (petrifying)
and a small abomination.

Vanquished Creatures
  Josephine (D)
  An orc knight (D)
  A komodo dragon (D)
  A hellwing (D)
  A jumping spider (D)
  A bog body (D)
  2 wraiths (D)
  A tarantella (D)
  A warg (D)
  An acid dragon (D)
  A porcupine (D)
  An orc warrior (D)
  A floating eye (D)
  An ice beast (D)
  A black bear (D)
  A phantom (D)
  2 wights (D)
  An iron imp (D)
  An orc priest (D)
  An orc wizard (D)
  A gnoll shaman (D)
  Terence (D)
  A gnoll (D)
  An adder (D)
  An ufetubus (D)
  An ooze (D)
  An orc (D)
  A goblin (D)
  2 quokkas (D)
  A leopard gecko zombie (D)
33 creatures vanquished.

Vanquished Creatures (collateral kills)
  3 wraiths (D)
  An orc warrior (D)
  An ogre (D)
  A necrophage (D)
  3 killer bees (D)
  3 wights (D)
  An orc (D)
  A ball python (D)
14 creatures vanquished.

Vanquished Creatures (others)
  An unseen horror (D)
  An orc knight (D)
  2 orc warriors (D)
  An orc wizard (D)
  An orc (D)
6 creatures vanquished.

Grand Total: 53 creatures vanquished

Notes
Turn   | Place    | Note
-------+----------+-------------------------------------------
     0 | D        | potatolord6000 the Hill Orc Monk began the quest for the Orb.
     0 | D        | Reached XP level 1. HP: 19/19 MP: 1/1
    56 | D        | Found a bloodstained altar of Trog.
    56 | D        | Found a deep blue altar of Sif Muna.
    56 | D        | Found a viscous altar of Jiyva.
    56 | D        | Found a hazy altar of Hepliaklqana.
    56 | D        | Found an opulent altar of Gozag.
    57 | D        | Found a glowing golden altar of the Shining One.
    57 | D        | Found a glowing silver altar of Zin.
    57 | D        | Found a basalt altar of Yredelemnul.
    57 | D        | Found a shimmering altar of Xom.
    57 | D        | Found an ornate altar of the Wu Jian Council.
    57 | D        | Found a sacrificial altar of Ru.
    57 | D        | Found a stormy altar of Qazlal.
    57 | D        | Found an iron altar of Okawaru.
    57 | D        | Found a sparkling altar of Nemelex Xobeh.
    57 | D        | Found a burning altar of Makhleb.
    57 | D        | Found a blossoming altar of Fedhas.
    57 | D        | Found a white marble altar of Elyvilon.
    57 | D        | Found a shadowy altar of Dithmenos.
    57 | D        | Found a snail-covered altar of Cheibriados.
    59 | D        | Found a radiant altar of Vehumet.
    59 | D        | Found a corrupted altar of Lugonu.
    59 | D        | Found a roughly hewn altar of Beogh.
    61 | D        | Found an ancient bone altar of Kikubaaqudgha.
    61 | D        | Found a hide-covered altar of Uskayaw.
    61 | D        | Found a shattered altar of Ashenzari.
    69 | D        | Became a worshipper of Beogh the Brigand
    69 | D        | Reached * piety under Beogh
    69 | D        | Reached ** piety under Beogh
    97 | D        | Reached skill level 1 in Armour
   108 | D        | Reached skill level 5 in Axes
   108 | D        | Reached XP level 2. HP: 13/28 MP: 1/3
   276 | D        | Reached skill level 5 in Fighting
   341 | D        | Noticed a floating eye
   341 | D        | Noticed Terence
   343 | D        | Reached *** piety under Beogh
   343 | D        | Reached XP level 3. HP: 36/36 MP: 5/5
   346 | D        | Killed a floating eye
   346 | D        | Reached skill level 7 in Axes
   346 | D        | Reached skill level 5 in Armour
   346 | D        | Reached skill level 5 in Invocations
   346 | D        | Reached XP level 4. HP: 45/45 MP: 5/8
   346 | D        | Reached XP level 5. HP: 51/51 MP: 5/9
   362 | D        | Killed Terence
   634 | D        | Noticed an orc warrior
   634 | D        | Noticed a phantom
   634 | D        | Noticed a warg
   635 | D        | Reached skill level 8 in Axes
   636 | D        | Killed a phantom
   636 | D        | Reached **** piety under Beogh
   636 | D        | Reached skill level 9 in Axes
   636 | D        | Reached XP level 6. HP: 50/61 MP: 6/11
   639 | D        | Noticed a black bear
   639 | D        | Killed a warg
   640 | D        | Killed a black bear
   640 | D        | Reached skill level 10 in Axes
   640 | D        | Reached XP level 7. HP: 36/70 MP: 8/13
   652 | D        | Reached ***** piety under Beogh
   730 | D        | Noticed a komodo dragon
   733 | D        | Killed a komodo dragon
   733 | D        | Reached skill level 10 in Fighting
   733 | D        | Reached skill level 11 in Axes
   733 | D        | Reached skill level 10 in Invocations
   964 | D        | Reached XP level 8. HP: 78/81 MP: 16/16
  1052 | D        | Noticed an orc knight
  1052 | D        | Noticed a bog body
  1055 | D        | Killed an orc knight
  1055 | D        | Reached skill level 12 in Axes
  1055 | D        | Reached skill level 10 in Armour
  1057 | D        | Killed a bog body
  1071 | D        | Reached skill level 13 in Axes
  1084 | D        | Reached XP level 9. HP: 46/90 MP: 3/18
  1229 | D        | Reached ****** piety under Beogh
  1375 | D        | Noticed an orc knight
  1375 | D        | Noticed a jumping spider
  1375 | D        | Noticed Josephine
  1387 | D        | Killed a jumping spider
  1396 | D        | Killed an unseen horror
  1396 | D        | Reached skill level 14 in Axes
  1405 | D        | Killed Josephine
  1405 | D        | Reached XP level 10. HP: 55/102 MP: 2/20
  1411 | D        | Gained Borgk as an ally
  1413 | D        | Reached skill level 15 in Axes
  1426 | D        | Noticed a spiny frog
  1428 | D        | Noticed a catoblepas
  1433 | D        | HP: 2/103 [catoblepas/blast of calcifying dust (7)]
  1434 | D        | Mangled by a catoblepas

Vault maps used:
D:        pitsprint

Skill      XL: |  1  2  3  4  5  6  7  8  9 10 |
---------------+-------------------------------+-----
Fighting       | 4 5 6 8 9 10 12 13 14 | 14.2
Armour         | 2 5 6 7 9 10 12 | 12.7
Axes           | 5 7 9 10 11 13 14 15 | 15.2
Invocations    | 2 5 7 9 10 12 14 | 14.6
Dodging        | |  2.4
Stealth        | |  1.5

Action                   |  1- 3 |  4- 6 |  7- 9 | 10-12 || total
-------------------------+-------+-------+-------+-------++-------
Melee: Hand axe          |    35 |    15 |    63 |       ||   113
       Broad axe         |       |       |    27 |    14 ||    41
Invok: Smiting           |       |     5 |    15 |       ||    20
       Resurrection      |       |       |     1 |       ||     1
  Use: Potion            |     1 |     1 |    11 |     3 ||    16
 Stab: Sleeping          |     1 |       |       |       ||     1
  Eat: Meat ration       |       |       |     1 |       ||     1
Armor: Robe              |     4 |     2 |       |       ||     6
       Chain mail        |       |     1 |    47 |    13 ||    61
Dodge: Dodged            |    27 |    14 |    31 |    15 ||    87

Table legend:
 A = Spawn XP
 B = Non-spawn XP
 C = Spawn XP percentage of total XP
 D = Spawn monster count
 E = Non-spawn monster count
 F = Spawn count percentage of total count
 G = Total turns spent on level
                    A         B        C        D         E        F      G
               +---------+---------+-------+---------+---------+-------+---------
         Total |       0 |    5984 |   0.0 |       0 |      48 |   0.0 |  1434
               +---------+---------+-------+---------+---------+-------+---------
             D |       0 |    5984 |   0.0 |       0 |      48 |   0.0 |  1434
               +---------+---------+-------+---------+---------+-------+---------
